Map: Prion Terraces

Players

Shura (Scarlett)

  • Race: Zerg Zerg

DeMusliM - Winner!

  • Race: Terran Terran
  • League: Grandmaster

Event: Homestory Cup XII

VOD

Have the link to the VOD?

Description

Time

  • Played on: Dec. 17, 2015, 2:11 p.m.
  • Length: 18:23

All games in this series

Show
View Real Time Build Order
Export as new Build Order

Shura Zerg 

Build Orders: Pool First, Ravager All-In 

Get SALT Encoding   

  12  0:00  Drone  
  13  0:08  Drone  
  14  0:20  Overlord  
  14  0:33  Spawning Pool  
  14  0:35  Drone  
  14  0:38  Extractor  
  14  0:42  Drone  
  14  0:47  Drone  
  15  0:50  Drone  
  16  0:58  Drone  
  17  1:08  Drone  
  18  1:19  Drone  
  18  1:20  Roach Warren  
  18  1:24  Queen  
  20  1:32  Overlord  
  20  2:00  Roach x2  
  24  2:03  Roach, Queen  
  28  2:12  Overlord  
  28  2:29  Ravager x2  
  30  2:30  Overlord  
  30  2:34  Drone x3  
  30  2:36  Drone  
  34  2:41  Extractor  
  33  2:53  Drone  
  33  2:55  Ravager  
  35  3:11  Roach  
  36  3:21  Roach x2  
  40  3:28  Drone x2  
  40  3:32  Hatchery  
  41  3:35  Drone  
  41  3:40  Overlord  
  42  3:58  Roach  
  42  3:59  Overlord x2  
  44  4:15  Ravager x2  
  46  4:18  Ravager  
  46  4:21  Drone x2  
  43  4:44  Drone x4  
  44  4:46  Ravager  
  44  4:50  Queen  
  44  4:54  Drone x3  
  47  5:00  Hatchery  
  47  5:05  Roach x2  
  47  5:06  Roach  
  52  5:20  Drone x3  
  54  5:25  Evolution Chamber  
  54  5:26  Evolution Chamber, Drone  
  54  5:27  Drone x3  
  56  5:41  Lair  
  56  5:43  Drone  
  56  5:47  Drone x2  
  59  5:53  Extractor  
  59  5:54  Drone, Extractor  
  59  5:55  Zerg Missile Weapons Level 1, Zerg Ground Armor Level 1  
  59  5:56  Drone  
  59  5:57  Drone  
  60  5:58  Drone  
  60  6:02  Overlord  
  60  6:03  Drone  
  62  6:24  Drone  
  62  6:25  Drone x6  
  67  6:31  Overlord x4  
  66  6:37  Ravager x3  
  69  6:43  Glial Reconstitution  
  69  6:45  Drone x4  
  73  7:01  Overlord x4  
  73  7:04  Spore Crawler  
  72  7:09  Drone x3  
  72  7:10  Drone x4  
  80  7:15  Hatchery  
  80  7:18  Drone x3  
  80  7:19  Infestation Pit  
  81  7:24  Queen  
  83  7:35  Extractor  
  83  7:36  Extractor  
  81  7:40  Drone x12  
  93  7:44  Roach  
  93  7:45  Roach x2  
  93  7:51  Roach x2  
  103  7:53  Overseer  
  103  7:54  Roach  
  105  7:59  Zerg Ground Armor Level 2, Zerg Missile Weapons Level 2  
  105  8:00  Roach  
  105  8:01  Roach  
  109  8:07  Hive  
  109  8:08  Roach x2  
  113  8:17  Roach x6  
  125  8:21  Roach  
  125  8:22  Roach x2  
  127  8:29  Roach x2  
  118  8:43  Drone  
  118  8:44  Drone x8  
  118  8:46  Queen  
  129  8:55  Roach x6, Extractor  
  135  8:56  Extractor  
  135  8:58  Pathogen Glands  
  135  9:01  Roach x2  
  138  9:03  Overlord  
  138  9:04  Overlord  
  138  9:06  Overlord, Pneumatized Carapace  
  138  9:10  Roach x3  
  144  9:17  Overlord x2  
  144  9:27  Roach x8  
  144  9:28  Ultralisk Cavern  
  159  9:31  Burrow  
  159  9:35  Tunneling Claws  
  159  9:44  Roach x9  
  176  9:51  Drone x5  
  181  9:54  Spore Crawler  
  181  9:57  Spine Crawler  
  179  10:05  Drone x2  
  176  10:13  Drone x2  
  176  10:14  Drone x2  
  178  10:17  Zerg Ground Armor Level 3, Spine Crawler, Zerg Missile Weapons Level 3  
  178  10:19  Spine Crawler  
  178  10:20  Infestor  
  178  10:22  Chitinous Plating  
  178  10:31  Overlord  
  178  10:32  Overlord x2  
  178  10:41  Ultralisk  
  184  10:46  Roach x31  
  184  10:50  Overlord x2  
  184  10:51  Ultralisk  
  184  10:52  Ultralisk  
  190  11:08  Roach x19  
  180  11:11  Roach x10  
  180  11:12  Roach x2  
  180  11:18  Roach x4  
  190  11:23  Roach x3  
  185  11:29  Roach x3  
  153  11:33  Roach  
  153  11:36  Roach x12  
  131  11:43  Hatchery  
  128  11:50  Spore Crawler  
  123  11:56  Infestor x4  
  122  12:08  Drone x2  
  122  12:09  Drone x5  
  122  12:11  Queen  
  122  12:14  Queen  
  131  12:15  Infestor  
  133  12:23  Infestor, Queen  
  137  12:36  Ravager  
  138  12:37  Ravager  
  137  12:53  Drone x2  
  137  12:54  Drone, Zerg Melee Weapons Level 1  
  137  12:55  Drone x6  
  137  12:56  Extractor  
  129  13:27  Drone x2  
  129  13:28  Drone x8  
  129  13:30  Hatchery  
  138  13:34  Spire  
  137  13:53  Hatchery  
  136  14:00  Spine Crawler  
  136  14:02  Spine Crawler  
  128  14:04  Drone x11  
  128  14:05  Drone  
  134  14:28  Metabolic Boost  
  140  14:31  Ultralisk x4  
  140  14:38  Queen x2  
  160  14:41  Roach x5  
  160  14:42  Queen  
  160  14:45  Spine Crawler  
  159  14:55  Corruptor x2, Greater Spire  
  157  15:09  Corruptor x3  
  147  15:30  Infestor x6  
  153  15:48  Roach x3  
  159  15:50  Ravager x2  
  159  15:51  Ravager x4  
  159  16:01  Zergling x20  
  159  16:02  Zergling x4  
  153  16:11  Zergling x10, Brood Lord x2  
  139  16:50  Hatchery  
  127  17:02  Zergling x12  
  133  17:28  Baneling Nest  
  132  17:34  Hatchery  
  131  17:39  Brood Lord x3  
  131  17:40  Hatchery  
  131  17:42  Drone x3, Corruptor  
  141  17:48  Zergling x8  
Show
View Real Time Build Order
Export as new Build Order

DeMusliM Terran - Winner!

Build Orders:  

Get SALT Encoding   

  12  0:00  SCV  
  13  0:16  Supply Depot  
  13  0:19  SCV  
  14  0:38  Barracks  
  14  0:41  Refinery  
  14  0:55  Barracks  
  14  1:00  SCV  
  15  1:13  SCV  
  16  1:25  Reaper  
  17  1:26  Orbital Command  
  17  1:48  Reaper  
  17  1:53  Bunker  
  18  1:54  Supply Depot  
  18  1:55  SCV  
  19  2:02  Reaper  
  19  2:07  SCV  
  21  2:18  Refinery  
  21  2:19  SCV  
  21  2:20  Reaper  
  23  2:31  SCV  
  24  2:39  Reaper  
  24  2:43  SCV  
  26  2:54  Bunker  
  26  2:56  SCV  
  27  3:06  Reaper  
  27  3:08  SCV  
  27  3:11  Reaper  
  30  3:13  Supply Depot  
  29  3:20  SCV  
  29  3:22  Factory  
  30  3:32  SCV  
  31  3:42  Command Center  
  31  3:44  SCV  
  32  3:56  SCV  
  33  4:08  SCV, Factory Tech Lab  
  33  4:09  Starport  
  34  4:20  SCV  
  34  4:32  SCV  
  34  4:36  Liberator  
  35  4:44  SCV  
  35  4:48  Siege Tank  
  35  4:52  Command Center  
  38  4:54  Orbital Command  
  38  4:57  SCV  
  38  4:59  Supply Depot  
  42  5:09  SCV  
  42  5:13  Barracks Tech Lab  
  43  5:14  Barracks Reactor  
  43  5:20  SCV  
  43  5:21  SCV  
  45  5:24  Supply Depot, Siege Tank, Liberator  
  48  5:32  SCV  
  48  5:33  SCV  
  50  5:40  Refinery x2  
  52  5:43  Engineering Bay x2  
  52  5:44  SCV  
  52  5:45  SCV  
  52  5:49  Marine  
  55  5:57  SCV x2  
  57  6:04  Supply Depot  
  57  6:09  SCV x2  
  57  6:10  Orbital Command  
  59  6:12  Siege Tank  
  59  6:18  Barracks x2  
  62  6:21  SCV  
  63  6:29  SCV  
  62  6:33  SCV  
  62  6:36  SCV  
  62  6:37  Supply Depot  
  62  6:38  Terran Infantry Weapons Level 1, Supply Depot  
  64  6:40  Terran Infantry Armor Level 1  
  64  6:42  Barracks  
  64  6:45  SCV x2  
  64  6:46  Siege Tank  
  69  6:56  Marine x3  
  73  7:02  SCV  
  73  7:03  SCV, Orbital Command  
  73  7:05  Barracks  
  73  7:08  Barracks x2  
  74  7:09  Barracks Reactor  
  74  7:11  Starport Reactor  
  74  7:15  SCV x2  
  75  7:18  Supply Depot  
  75  7:22  Siege Tank  
  78  7:24  Stimpack  
  78  7:25  Barracks Tech Lab  
  78  7:28  SCV x2  
  80  7:31  SCV  
  80  7:34  Marauder, Marine x2  
  80  7:35  Barracks Reactor  
  85  7:40  SCV x2  
  85  7:41  Supply Depot, Refinery  
  85  7:43  SCV  
  88  7:47  Supply Depot  
  88  7:48  Combat Shields  
  88  7:49  Marine x2  
  88  7:50  Marauder  
  92  7:52  Marine  
  92  7:54  Siege Tank, Marine  
  92  7:56  Barracks Reactor x2  
  98  7:58  Barracks Tech Lab  
  98  7:59  Marine  
  98  8:07  Armory, Marine x2  
  98  8:09  Supply Depot  
  98  8:11  Marauder  
  102  8:19  Marine  
  104  8:20  Marauder  
  104  8:25  Marine  
  104  8:26  Marauder  
  107  8:31  Siege Tank  
  107  8:32  Medivac  
  107  8:34  Marauder, Marine  
  107  8:42  Marine, Medivac  
  107  8:43  Command Center, Marine x3  
  107  8:47  SCV x2  
  115  8:50  Marine  
  115  8:51  Marine x2, Marauder  
  120  8:59  Marine x2  
  120  9:00  Marauder  
  124  9:03  Siege Tank  
  124  9:05  Terran Infantry Weapons Level 2  
  124  9:08  Marine x3  
  130  9:10  Supply Depot x2  
  130  9:12  Supply Depot  
  130  9:21  Marine x2  
  130  9:22  Marauder, Marine x6  
  140  9:25  Supply Depot x2, Terran Infantry Armor Level 2  
  140  9:28  Terran Vehicle And Ship Armor Level 1  
  140  9:34  Supply Depot x2  
  140  9:36  Marauder, Marine  
  140  9:38  Marine x2  
  144  9:40  Marauder  
  144  9:41  Marine x3  
  150  9:49  Siege Tank  
  150  9:50  Medivac  
  150  9:51  Marauder, Marine x2  
  159  9:54  Marine  
  159  9:57  Marine  
  159  9:58  Marauder  
  163  10:01  Marauder  
  162  10:12  Marauder, Marine  
  162  10:13  Marine x3  
  162  10:14  Marine  
  159  10:15  Medivac  
  159  10:19  Marauder  
  156  10:21  Command Center  
  156  10:22  Siege Tank  
  156  10:26  Marine  
  156  10:27  Marauder, Marine x2  
  164  10:36  Marine, Medivac  
  164  10:37  Marauder, Marine  
  164  10:38  Marine  
  164  10:41  Planetary Fortress  
  171  10:46  Medivac  
  170  10:57  Marauder, Marine  
  170  11:02  Marauder, Marine  
  170  11:04  Marauder, Marine x3  
  172  11:05  Siege Tank  
  172  11:10  Marine x4  
  173  11:11  Medivac  
  173  11:16  Medivac  
  173  11:18  Marine  
  175  11:19  Marauder  
  175  11:24  Marauder  
  177  11:27  Marine  
  177  11:28  Marauder  
  177  11:31  Marine x2  
  177  11:32  Marine x4  
  137  11:40  Marauder  
  137  11:41  Medivac  
  137  11:44  Marine  
  137  11:45  Marauder  
  137  11:46  Medivac  
  137  11:47  Marine x3  
  137  11:48  Marine  
  137  11:49  Marauder, Marine  
  137  11:53  Marine  
  142  11:55  Marine  
  142  11:59  Siege Tank  
  146  12:02  Marauder, Marine x3  
  146  12:07  Marine x3, Marauder  
  156  12:10  Marauder  
  156  12:11  Ghost Academy, Barracks, Medivac  
  159  12:16  Marine x2  
  159  12:19  Marine  
  159  12:22  Marine x2  
  152  12:23  Marine, Medivac, Marauder  
  152  12:24  Liberator  
  152  12:28  Marauder  
  160  12:31  Bunker x2  
  160  12:32  Marauder  
  160  12:35  Marine  
  160  12:36  Marine  
  163  12:43  Marine x2  
  168  12:44  Marauder  
  168  12:49  Marauder  
  156  12:52  Marine x2  
  156  12:53  Marauder  
  156  12:56  Marine  
  159  12:58  Personal Cloaking  
  159  13:06  Marauder  
  159  13:10  Ghost  
  159  13:12  Marine x3  
  163  13:14  Marauder  
  163  13:17  Planetary Fortress  
  155  13:24  Marine x4  
  148  13:27  Marine, Marauder  
  148  13:28  Medivac  
  148  13:32  Marine  
  144  13:36  Marauder, Marine x4  
  144  13:39  Marauder  
  152  13:42  Marine x2  
  152  13:45  Bunker  
  151  13:48  Marine x2  
  151  13:49  Refinery, Marauder  
  151  13:50  Refinery  
  151  13:54  Missile Turret  
  155  13:56  Ghost  
  155  13:58  Marine  
  155  14:00  Ghost, Missile Turret  
  160  14:09  Ghost  
  157  14:11  Marine x6  
  157  14:12  Marine  
  157  14:13  Siege Tank  
  163  14:20  Marine x2  
  163  14:22  Marine  
  159  14:26  Marauder  
  159  14:29  Marauder, Marine x2  
  159  14:31  Refinery x2  
  165  14:33  Marine x3  
  165  14:38  Missile Turret, Marauder  
  168  14:42  Medivac  
  168  14:44  Medivac  
  174  14:47  Marauder  
  174  14:51  Marauder  
  178  14:54  Concussive Shells, Marine x5  
  178  14:59  Ghost  
  183  15:01  Marine x2  
  183  15:03  Marine x2  
  183  15:04  Marine  
  182  15:09  Marauder  
  182  15:11  Marine  
  182  15:12  Marauder, Medivac, Marine  
  184  15:26  Marine  
  180  15:28  Marauder  
  180  15:30  Marauder  
  180  15:31  Marine  
  180  15:33  Marauder  
  176  15:37  Marine, Medivac  
  176  15:39  Marine  
  176  15:40  Siege Tank  
  176  15:42  Medivac  
  187  15:50  Ghost, Marauder  
  187  15:55  Marauder  
  187  15:59  Marine x4  
  183  16:07  Orbital Command  
  182  16:11  Marauder  
  182  16:14  Marine x6  
  182  16:16  Marauder  
  186  16:20  Marauder  
  176  16:32  Ghost  
  173  16:34  Marine x3  
  173  16:37  Ghost  
  177  16:40  Ghost  
  177  16:45  Marine x5  
  183  17:00  Ghost  
  177  17:05  Ghost, Marine x4  
  175  17:09  Ghost  
  175  17:12  Medivac x2  
  181  17:19  Marine x3  
  183  17:27  Marine x2  
  183  17:29  Ghost  
  185  17:34  Command Center, Ghost  
  190  17:37  Siege Tank, Marine x6  
  190  17:38  Marauder  
Tags
 
Add a new tag
Caveats
  • Supply blocks, unpowered buildings, or Contaminate may cause inaccurate times.
  • Supply counts are checked every 10 seconds.